 Dungeon Crawl Stone Soup version 0.31-a0-150-g89dc3ad700 (webtiles) character file.

Game seed: 17972561798938630590

1215 qw the Skirmisher (level 8, -4/70 HPs)
             Began as a Minotaur Hunter on June 8, 2023.
             Killed by divine providence
             ... invoked by an orc priest
              (8 damage)
             ... on level 6 of the Dungeon.
             The game lasted 00:01:23 (4158 turns).

qw the Skirmisher (Minotaur Hunter)                 Turns: 4158, Time: 00:01:24

Health: -4/70      AC:  7    Str: 15    XL:     8   Next: 22%
Magic:  7/7        EV: 13    Int:  6    God:
Gold:   335        SH:  0    Dex: 23    Spells: 7/7 levels left

rFire   . . .        f - +0 orcbow
rCold   . . .        (shield currently unavailable)
rNeg    . . .        a - +0 ring mail
rPois   .            (helmet restricted)
rElec   .            j - +0 cloak
rCorr   .            e - +0 pair of gloves
SInv    .            (no boots)
Will    .....        (no amulet)
Stlth   +            l - +6 ring of dexterity
HPRegen 0.31/turn    (no ring)
MPRegen 0.10/turn

%: no passive effects
@: no status effects
A: horns 2, retaliatory headbutt
a: no special abilities


You were on level 6 of the Dungeon.
You visited 1 branch of the dungeon, and saw 6 of its levels.

You collected 335 gold pieces.


Innate Abilities, Weirdness & Mutations

You have a pair of horns on your head.
You reflexively headbutt those who attack you in melee.


   Skills:
 + Level 5.9 Fighting
 - Level 9.6 Ranged Weapons
 - Level 2.3 Armour
 - Level 4.3 Dodging
 - Level 0.7 Stealth


You had 7 spell levels left.
You didn't know any spells.
Your spell library was empty.

Inventory:

Hand Weapons
 f - a +0 orcbow (weapon)
Armour
 a - a +0 ring mail (worn)
 e - a +0 pair of gloves (worn)
 g - +0 steam dragon scales
 j - a +0 cloak (worn)
Jewellery
 l - a +6 ring of dexterity (left hand)
Scrolls
 d - a scroll of identify
Potions
 b - 2 potions of might
 c - a potion of curing {unknown}
 i - a potion of berserk rage {unknown}

Dungeon Overview and Level Annotations

Branches:
Dungeon (6/15)
 Temple: D:4-7

Altars:
Sif Muna


Message History

The gnoll shouts!
The arrow hits the ice beast but does no damage.
The ice beast barely misses you.
The orc hits you from afar with a +0 trident.
You shoot an arrow. The arrow barely misses the ice beast.
The arrow hits the orc priest.
The orc priest is lightly wounded.
The orc barely misses you. The orc hits you but does no damage.
The ice beast hits you. The ice beast freezes you.
The orc priest invokes the aid of Beogh against you.
Beogh smites you!
You shoot an arrow. The arrow hits the ice beast.
The ice beast is moderately wounded.
The orc hits you but does no damage. The ice beast closely misses you.
The orc closely misses you.
You shoot an arrow. The arrow closely misses the ice beast.
The arrow hits the orc priest but does no damage.
The orc barely misses you. The ice beast closely misses you.
You furiously retaliate!
You headbutt the ice beast. The orc barely misses you.
You shoot an arrow. The arrow closely misses the ice beast.
The arrow barely misses the gnoll.
The orc hits you with a +0 flail. The gnoll hits you with a +0 flail.
The ice beast closely misses you.
The orc hits you from afar with a +0 trident.
You shoot an arrow. The arrow hits the ice beast!
The ice beast is severely wounded.
The orc hits you with a +0 flail. The gnoll closely misses you.
You furiously retaliate!
You headbutt the gnoll! The kobold brigand barely misses you.
The ice beast hits you. The ice beast freezes you!
The orc hits you but does no damage.
The orc hits you from afar with a +0 trident.
The orc closely misses you. The gnoll hits you with a +0 flail.
The kobold brigand barely misses you.
The ice beast hits you but does no damage.
You shoot an arrow. The arrow hits the gnoll!
You kill the gnoll!
The orc misses you. The ice beast hits you. The ice beast freezes you!
The orc priest calls down the wrath of Beogh upon you.
Beogh smites you!
You die...

#.................?..
#.#########..........
#.# #.......... #.#
#.......... #.#
#.......... #.#
#(..<...... #.#
#####......... #.#
#....oKo..... #.#
#.###@.g..... #.# #.#
#gYg..... . #.# #.#
#Ko...... .. #.# #.#
#...).... ... #.# #.#
#....)... .... #.#
#.# #.)...... ....
#.# #.# #........
.... ##.#####.#
#........ ....
#........# ....


You could see an ice beast, a kobold brigand, an orc priest, 3 gnolls, 2 orcs
and a kobold.

Vanquished Creatures
  Maggie (D:6)
  Grinder (D:5)
  A wraith (D:6)
  An ogre (D:4)
  A scorpion (D:5)
  5 hounds
  2 jellies
  An iguana (D:4)
  Natasha (thrice) (D:4)
  12 adders
  A gnoll (D:6)
  3 dart slugs
  4 orcs
  7 bats
  4 endoplasms
  2 giant cockroaches
  6 goblins
  7 hobgoblins
  A quokka (D:2)
  4 ball pythons
  3 frilled lizards
  6 kobolds
  5 rats (D:2)
81 creatures vanquished.

Notes
Turn   | Place    | Note
-------+----------+-------------------------------------------
     0 | D:1      | qw the Minotaur Hunter began the quest for the Orb.
     0 | D:1      | Reached XP level 1. HP: 18/18 MP: 0/0
     0 | D:1      | 0 ||| qw: Version: 0.2-a-119-g0488c42
     0 | D:1      | 0 ||| qw: Game counter: 2747
     0 | D:1      | 0 ||| qw: Always use a shield: true
     0 | D:1      | 0 ||| qw: God list: Okawaru
     0 | D:1      | 0 ||| qw: Allow faded altars: false
     0 | D:1      | 0 ||| qw: Do Orc after D:15 true
     0 | D:1      | 0 ||| qw: Do second Lair branch before Depths: true
     0 | D:1      | 0 ||| qw: Lair rune preference: random
     0 | D:1      | 0 ||| qw: Plans: Normal
     0 | D:1      | 0 ||| PLANNING D:1-11
   198 | D:1      | Reached XP level 2. HP: 25/25 MP: 1/1
   202 | D:1      | Reached skill level 5 in Ranged Weapons
   547 | D:1      | Reached skill level 3 in Fighting
   860 | D:1      | 860 ||| UPGRADING to +0 cloak.
   865 | D:1      | 865 ||| DROPPING ring of magical power.
   866 | D:1      | 866 ||| UPGRADING to +6 ring of dexterity.
   867 | D:1      | 867 ||| READING scroll labelled XAGILI QEIZOF.
   868 | D:1      | 868 ||| READING scroll labelled FYL HINIMYPESA.
   872 | D:1      | 872 ||| READING scroll labelled YNIREL GAECW.
   873 | D:1      | 873 ||| READING scroll labelled TOSOMO TIAS.
   874 | D:1      | 874 ||| DROPPING scroll of butterflies.
   949 | D:2      | Reached XP level 3. HP: 31/31 MP: 2/2
  1093 | D:2      | Found a faded altar of an unknown god.
  1576 | D:2      | 1576 ||| UPGRADING to +0 ring mail.
  1586 | D:2      | 1586 ||| DROPPING +0 leather armour.
  1587 | D:2      | 1587 ||| READING scroll labelled ESMENY KETUH.
  1588 | D:2      | 1588 ||| READING scroll labelled POUSAPROTOC.
  1589 | D:2      | 1589 ||| READING scroll labelled GIR SARIDONN.
  1590 | D:2      | 1590 ||| READING scroll labelled YHOBRA NULATZO.
  1591 | D:2      | 1591 ||| READING 3 scrolls labelled LINTUPPAKK.
  1592 | D:2      | 1592 ||| DRINKING 2 yellow potions.
  1593 | D:2      | 1593 ||| DRINKING 2 orange potions.
  1594 | D:2      | 1594 ||| DROPPING potion of brilliance.
  1595 | D:2      | 1595 ||| DROPPING potion of invisibility.
  1596 | D:2      | 1596 ||| DROPPING 2 scrolls of magic mapping.
  1599 | D:2      | 1599 ||| Stepping ~*~*~tactically~*~*~ (cloud).
  1763 | D:3      | Reached XP level 4. HP: 38/38 MP: 3/3
  2322 | D:3      | 2322 ||| UPGRADING to +0 pair of gloves.
  2327 | D:3      | 2327 ||| READING 2 scrolls labelled OSELAGU BAINON.
  2328 | D:3      | 2328 ||| READING scroll labelled MARYVOSKOD.
  2329 | D:3      | 2329 ||| DRINKING 2 silvery potions.
  2330 | D:3      | 2330 ||| DROPPING potion of enlightenment.
  2331 | D:3      | 2331 ||| DROPPING scroll of fog.
  2482 | D:4      | Reached skill level 6 in Ranged Weapons
  2490 | D:4      | Noticed Natasha
  2491 | D:4      | 2491 ||| Stepping ~*~*~tactically~*~*~ (outnumbered).
  2495 | D:4      | Killed Natasha
  2496 | D:4      | Reached XP level 5. HP: 35/45 MP: 4/4
  2564 | D:4      | Noticed Natasha
  2567 | D:4      | 2567 ||| Stepping ~*~*~tactically~*~*~ (outnumbered).
  2572 | D:4      | Killed Natasha
  2582 | D:4      | Noticed Natasha
  2584 | D:4      | Killed Natasha
  3004 | D:4      | 3004 ||| DRINKING 2 ruby potions.
  3007 | D:5      | Entered Level 5 of the Dungeon
  3025 | D:5      | Reached skill level 7 in Ranged Weapons
  3025 | D:5      | Reached XP level 6. HP: 52/52 MP: 5/5
  3089 | D:5      | Reached skill level 3 in Dodging
  3107 | D:5      | 3107 ||| FLEEEEING.
  3108 | D:5      | 3108 ||| FLEEEEING.
  3109 | D:5      | 3109 ||| FLEEEEING.
  3110 | D:5      | 3110 ||| FLEEEEING.
  3111 | D:5      | 3111 ||| FLEEEEING.
  3112 | D:5      | 3112 ||| FLEEEEING.
  3113 | D:5      | 3113 ||| STAIRDANCE
  3156 | D:5      | 3156 ||| STAIRDANCE
  3162 | D:4      | Reached skill level 8 in Ranged Weapons
  3297 | D:5      | Noticed Grinder
  3308 | D:5      | Killed Grinder
  3309 | D:5      | Reached XP level 7. HP: 56/62 MP: 6/6
  3804 | D:5      | 3804 ||| SWAPPING to +0 orcbow.
  3805 | D:5      | 3805 ||| DROPPING +1 shortbow of draining.
  3953 | D:6      | Found a shimmering blue altar of Sif Muna.
  3998 | D:6      | Noticed Maggie
  4003 | D:6      | Noticed a wraith
  4009 | D:6      | Killed Maggie
  4010 | D:6      | Reached skill level 9 in Ranged Weapons
  4010 | D:6      | Reached XP level 8. HP: 56/70 MP: 7/7
  4157 | D:6      | HP: 15/70 [gnoll/+0 flail (3)]
  4158 | D:6      | HP: 4/70 [ice beast (11)]
  4158 | D:6      | Killed from afar by an orc priest

Levels and vault maps discovered:
D:1:      dpeg_arrival_rooms_with_view, layout_basic
D:2:      layout_basic, basic_ecumenical_altar, minmay_tromino_v4_b
D:3:      layout_loops_ring, corexii_item_surrounded_by_moat,
          serial_bayou_pond_d, columned_hall_lemuel
D:4:      layout_rooms, nicolae_hexahallways, minmay_hedge_maze, uniq_natasha
D:5:      layout_cave_pods, uniq_grinder
D:6:      layout_basic, gammafunk_temple_overflow_forgotten,
          mainiacjoe_overflow_concentric_impassable, minmay_temple_entry_mist,
          serial_aquarium, aquarium_bridge_straight [aquarium_subvault_bridge,
          aquarium_subvault_window, aquarium_subvault_bridge,
          aquarium_subvault_wall], aquarium_window_1, aquarium_window_corner,
          aquarium_view_2e, minmay_misc_feat_more_columns, uniq_maggie

Skill      XL: |  1  2  3  4  5  6  7  8 |
---------------+-------------------------+-----
Ranged Weapons | 5 6 7 8 9 |  9.6
Fighting       | 3 4 5 |  5.9
Armour         | 2 |  2.3
Dodging        | 3 4 |  4.3
Stealth        | |  0.7

Action                     |  1- 3 |  4- 6 |  7- 9 || total
---------------------------+-------+-------+-------++-------
   Fire: Shortbow          |    91 |    93 |    18 ||   202
         Orcbow            |       |       |    43 ||    43
    Use: Scroll            |     9 |     2 |       ||    11
         Potion            |     2 |     2 |       ||     4
 Armour: Leather armour    |     6 |       |       ||     6
         Ring mail         |       |    12 |     5 ||    17
  Dodge: Dodged            |    15 |    33 |    22 ||    70

Table legend:
 A = Non-vault XP
 B = Vault XP
 C = Vault XP percentage of total XP
 D = Non-vault monster count
 E = Vault monster count
 F = Vault count percentage of total count
                 A         B        C        D         E       F
            +---------+---------+-------+---------+---------+-------
      Total |    1068 |     682 |  39.0 |      74 |       7 |   8.6
            +---------+---------+-------+---------+---------+-------
        D:1 |      34 |       4 |  10.5 |      19 |       2 |   9.5
        D:2 |      52 |       3 |   5.5 |      16 |       2 |  11.1
        D:3 |      10 |       0 |   0.0 |       7 |       0 |   0.0
        D:4 |     309 |      35 |  10.2 |      11 |       1 |   8.3
        D:5 |     388 |     281 |  42.0 |      13 |       1 |   7.1
        D:6 |     275 |     359 |  56.6 |       8 |       1 |  11.1
            +---------+---------+-------+---------+---------+-------
